 Seeded DCSS version 0.28-a0-1506-g3893175d92 (webtiles) character file.

Game seed: 759471176321562610 (custom seed)

12 riojii the Shield-Bearer (level 2, 20/27 HPs)
             Began as a Deep Dwarf Fighter on Jan 13, 2022.
             Quit the game on level 1 of the Dungeon.
             The game lasted 00:00:29 (425 turns).

riojii the Shield-Bearer (Deep Dwarf Fighter)        Turns: 425, Time: 00:00:29

Health: 20/27      AC:  6    Str: 19    XL:     2   Next: 20%
Magic:  2/2        EV:  9    Int:  8    God:
Gold:   29         SH:  4    Dex: 12    Spells: 1/1 levels left

rFire   . . .      SeeInvis .     - Unarmed
rCold   . . .      Faith    .   b - +0 buckler
rNeg    . . .      Spirit   .   a - +0 scale mail
rPois   .          Reflect  .   (no helmet)
rElec   .          Harm     .   (no cloak)
rCorr   .          Rampage  .   (no gloves)
Will    .....                   (no boots)
Stlth   ..........              (no amulet)
HPRegen 0.00/turn               (no ring)
MPRegen 0.08/turn               (no ring)

@: no status effects
A: damage resistance, heal wounds, sense surroundings 1, no regeneration
a: Heal Wounds


You were on level 1 of the Dungeon.
You visited 1 branch of the dungeon, and saw 1 of its levels.

You collected 29 gold pieces.

Inventory:

Armour
 a - a +0 scale mail (worn)
 b - a +0 buckler (worn)
Scrolls
 e - a scroll of fear {unknown}
 f - 2 scrolls of teleportation {unknown}
 g - a scroll of identify {unknown}
Potions
 c - a potion of might
 d - a potion of mutation {unknown}


   Skills:
 + Level 2.8 Fighting
 + Level 3.5 Armour
 + Level 3.5 Shields
 + Level 2.0 Unarmed Combat


You had one spell level left.
You didn't know any spells.
Your spell library was empty.

Dungeon Overview and Level Annotations

Branches:
Dungeon (1/15)

Altars:


Innate Abilities, Weirdness & Mutations

You are resistant to damage.
You can heal yourself by infusing magical energy.
You passively map a small area around you.
You do not regenerate.


Message History

No target in view!
No target in view!
No target in view!
No target in view!
Things that are here:
a +0 dagger of venom; a stone You open the door.
There is an open door here.
You now have 29 gold pieces (gained 8).
A kobold comes into view. It is wielding a +0 dagger.
The kobold shouts!
You hit the kobold.
You kill the kobold!
Things that are here:
a +0 dagger; a kobold corpse A quokka comes into view.
You hit the quokka.
The quokka is heavily wounded.
You block the quokka's attack.
You hit the quokka.
The quokka is severely wounded.
The quokka closely misses you.
You hit the quokka but do no damage.
The quokka is severely wounded.
You block the quokka's attack.
You barely miss the quokka.
The quokka is severely wounded.
The quokka bites you but does no damage.
The quokka closely misses you.
You closely miss the quokka.
The quokka is severely wounded.
You block the quokka's attack.
You closely miss the quokka.
The quokka is severely wounded.
You block the quokka's attack.
You hit the quokka.
You kill the quokka!
No target in view!
No target in view!
Are you sure you want to abandon this character and quit the game? (Confirm with "yes".)

#########........# ..., #
########....#..#, .....
#...........#..#.#..#.##*
#.######.......#.#..#.#
#.#######......#.#..# # *
#..............#.#### * , , ,
###...###..#...#.# *
#........#..†#.# ..
###......##.@#.# ######.#* ,
###......##..#.###......## *
#.'......+.>.............. ,
#.#......##....###.####### ,
#.###.....+............... ,
####.###....##...####.##########
+...........##...+ #...........
####.##.....##...###############
, #.##......#.....## #


There were no monsters in sight!

Vanquished Creatures
  4 endoplasms (D:1)
  A giant cockroach (D:1)
  A goblin (D:1)
  2 kobolds (D:1)
  A quokka (D:1)
  A rat (D:1)
10 creatures vanquished.

Notes
Turn   | Place    | Note
-------+----------+-------------------------------------------
     0 | D:1      | riojii the Deep Dwarf Fighter began the quest for the Orb.
     0 | D:1      | Reached XP level 1. HP: 20/20 MP: 1/1
   306 | D:1      | Reached XP level 2. HP: 20/27 MP: 2/2
   425 | D:1      | Quit the game

Illustrated notes

Levels and vault maps discovered:
D:1:      dpeg_arrival_rooms_c, layout_basic

Skill      XL: |  1 |
---------------+----+-----
Unarmed Combat | 2 |  2.0
Fighting       | |  2.8
Armour         | |  3.5
Shields        | |  3.5

Action                   || total
-------------------------++-------
Melee: Unarmed           ||    38
Armor: Scale mail        ||    11
Dodge: Dodged            ||     6
Block: Buckler           ||    11

Table legend: (Time is in decaauts)
 A = Elapsed time spent in this place.
 B = Non-inter-level travel time spent in this place.
 C = Inter-level travel time spent in this place.
 D = Time resting spent in this place.
 E = Time spent auto-exploring this place.
 F = Levels seen in this place.
 G = Mean time per level.
                   A        B        C        D        E       F      G
               +--------+--------+--------+--------+--------+-----+--------+
         Total |    425 |    425 |      0 |      0 |    354 |   1 |  425.0 |
       Dungeon |    425 |    425 |      0 |      0 |    354 |   1 |  425.0 |
               +--------+--------+--------+--------+--------+-----+--------+

Top non-repeatable levels by time:
     D:1: 425 daAuts
